 Dungeon Crawl Stone Soup version 0.28-a0-895-g6e5f11bd55 (webtiles) character file.

Game seed: 11410518668010753565

212 ytrimaz the Covered (level 5, -8/46 HPs)
             Began as a Demonspawn Fighter on Nov 22, 2021.
             Mangled by Menkaure (14 damage)
             ... on level 4 of the Dungeon.
             The game lasted 00:03:23 (3770 turns).

ytrimaz the Covered (Demonspawn Fighter)            Turns: 3770, Time: 00:03:24

Health: -8/46      AC: 11    Str: 18    XL:     5   Next: 58%
Magic:  5/5        EV:  9    Int:  9    God:
Gold:   101        SH:  5    Dex: 16    Spells: 4/4 levels left

rFire   . . .      SeeInvis .   a - +0 war axe
rCold   . . .      Faith    .   c - +0 buckler
rNeg    . . .      Spirit   .   b - +0 scale mail
rPois   .          Reflect  .   (no helmet)
rElec   .          Harm     .   (no cloak)
rCorr   .          Rampage  .   (no gloves)
Will    .....                   (no boots)
Stlth   ..........              (no amulet)
HPRegen 0.15/turn               l - +4 ring of protection
MPRegen 0.09/turn               t - +6 ring of dexterity

@: flying
A: ignite blood 2, demonic touch 1, clumsy 1, robust 1, MP-powered wands
a: no special abilities


You were on level 4 of the Dungeon.
You visited 1 branch of the dungeon, and saw 4 of its levels.

You collected 101 gold pieces.

Inventory:

Hand Weapons
 a - a +0 war axe (weapon)
Armour
 b - a +0 scale mail (worn)
 c - a +0 buckler (worn)
Jewellery
 l - a +4 ring of protection (left hand)
 m - a ring of magical power
 t - a +6 ring of dexterity (right hand)
Wands
 n - a wand of mindburst (7)
 s - a wand of paralysis (9)
Scrolls
 g - a scroll of silence
 h - a scroll of enchant weapon
 i - a scroll of teleportation
 r - 2 scrolls of enchant armour
Potions
 d - a potion of might
 f - a potion of flight
 j - a potion of cancellation {unknown}
 k - a potion of curing {unknown}
 o - a potion of invisibility {unknown}
 p - a potion of degeneration {unknown}
 q - a potion of attraction {unknown}


   Skills:
 + Level 4.0 Fighting
 - Level 1.8 Axes
 + Level 4.1 Armour
 + Level 3.4 Shields
 * Level 1.9 Unarmed Combat


You had 4 spell levels left.
You didn't know any spells.
Your spell library contained the following spells:

 Spells                   Type           Power      Damage    Failure   Level
 Slow                     Hex            0%         N/A       78%         1
 Animate Armour           Summ/Erth      0%         N/A       100%        4
 Iron Shot                Conj/Erth      0%         9d1       100%        6
 Shatter                  Erth           0%         3d5*      100%        9


Dungeon Overview and Level Annotations

Branches:
Dungeon (4/15)
 Temple: D:4-7

Altars:

Annotations:
D:4 Menkaure


Innate Abilities, Weirdness & Mutations

Your demonic aura often causes spilled blood to erupt in flames.
Your touch may inflict minor irresistible damage on your foes.
You are clumsy. (Dex -2)
You are robust. (+10% HP)
You expend magic power (3 MP) to strengthen your wands.


Message History

r - 2 scrolls of enchant armour (gained 1)
You see here a +0 dagger.
Menkaure is nearby!
Menkaure is nearby!
Unknown command.
A quokka comes into view.
The quokka bites you.
You slash the quokka!
You kill the quokka!
Menkaure hums, "It doesn't hurt if you pull your brain out of your nose yourself."
The orc shouts!
You hear a shout!
You block the orc's attack.
The orc shouts!
The orc hits you but does no damage.
You closely miss the orc. You block the orc's attack.
The orc hits you from afar with a +0 trident.
Menkaure calls on the powers of darkness!
Your body is wracked with pain!
The orc convulses!
The orc wizard convulses!
The orc convulses!
The orc wizard gestures wildly while chanting.
The orc wizard flickers and vanishes!
Deactivating autopickup; reactivate with Ctrl-A.
Menkaure hits you!
* * * LOW HITPOINT WARNING * * *
Unknown command.
You slash Menkaure!
Menkaure is moderately damaged.
Menkaure hits you but does no damage.
Unknown command.
It was a potion of flight.
You feel very buoyant.
You fly up into the air.
Menkaure casts a spell at you.
You barely resist.
It was a potion of mutation.
You feel extremely strange.
You feel clumsy.
You feel your magical essence link to the dungeon's wands.
You feel robust. Menkaure hits you!
You die...

##...#)#####.#####<#
##.............##.#
#.##.#####..#.##.# #.##.#
##.# ##.# # #.##.# .# #.#
#...######.##.# .# #.#
...oooM...M#..# .# #.#
#..{##.###.#.M######.#.##.#
# #.# ##...@...ooo.... ...
#(.#######.#.## .#.
##......... # #.
#.....>.... #
#...##)####### #### #.#
####.# #..<.# #.####


You could see Menkaure and 3 orcs.

Vanquished Creatures
  Natasha (thrice) (D:3)
  A gnoll (D:3)
  5 adders
  A worm (D:2)
  5 orcs
  6 ball pythons
  11 endoplasms
  4 giant cockroaches
  9 hobgoblins
  3 jackals (D:3)
  3 quokkas
  6 bats
  4 frilled lizards
  3 goblins
  6 kobolds
  7 rats
77 creatures vanquished.

Notes
Turn   | Place    | Note
-------+----------+-------------------------------------------
     0 | D:1      | ytrimaz the Demonspawn Fighter began the quest for the Orb.
     0 | D:1      | Reached XP level 1. HP: 18/18 MP: 1/1
   269 | D:1      | Got the Reference Book on Earthen Curses
   275 | D:1      | Found a faded altar of an unknown god.
   281 | D:1      | Gained mutation: Your touch may inflict minor irresistible
                  | damage on your foes. [demonic ancestry]
   281 | D:1      | Reached XP level 2. HP: 23/24 MP: 2/2
  1077 | D:2      | Gained mutation: Your demonic aura sometimes causes spilled
                  | blood to erupt in flames. [demonic ancestry]
  1077 | D:2      | Reached XP level 3. HP: 29/29 MP: 3/3
  1567 | D:2      | Reached skill level 1 in Unarmed Combat
  2076 | D:3      | Reached XP level 4. HP: 35/35 MP: 4/4
  2379 | D:3      | Noticed Natasha
  2386 | D:3      | Killed Natasha
  2433 | D:3      | Noticed Natasha
  2440 | D:3      | Killed Natasha
  2441 | D:3      | Gained mutation: Your demonic aura often causes spilled
                  | blood to erupt in flames. [demonic ancestry]
  2441 | D:3      | Reached XP level 5. HP: 28/42 MP: 5/5
  2482 | D:3      | Noticed Natasha
  2485 | D:3      | Killed Natasha
  3384 | D:4      | Noticed Menkaure
  3770 | D:4      | Gained mutation: You are clumsy. (Dex -2) [potion of
                  | mutation]
  3770 | D:4      | Gained mutation: You expend magic power (3 MP) to
                  | strengthen your wands. [potion of mutation]
  3770 | D:4      | Gained mutation: You are robust. (+10% HP) [potion of
                  | mutation]
  3770 | D:4      | Mangled by Menkaure

Illustrated notes

Levels and vault maps discovered:
D:1:      minmay_arrival_stair_chambers, layout_basic,
          chequers_ecumenical_altar_simple_redux
D:2:      layout_basic, minivault_11
D:3:      layout_rooms, minmay_ruptured, uniq_natasha
D:4:      layout_loops_ring, mainiacjoe_overflow_alcove_2,
          nemelex_spade_bored_becter, worldfamousw_hep_ancestral_shrine,
          uniq_menkaure

Skill      XL: |  1  2  3  4  5 |
---------------+----------------+-----
Armour         | 3 4 |  4.1
Shields        | 3 |  3.4
Unarmed Combat | 1 |  1.9
Fighting       | 4 |  4.0
Axes           | |  1.8

Action                   |  1- 3 |  4- 6 || total
-------------------------+-------+-------++-------
Melee: War axe           |   108 |   100 ||   208
  Use: Scroll            |     6 |     1 ||     7
       Potion            |       |     2 ||     2
Armor: Scale mail        |    47 |    51 ||    98
Dodge: Dodged            |    47 |    45 ||    92
Block: Buckler           |    28 |    25 ||    53

Table legend: (Time is in decaauts)
 A = Elapsed time spent in this place.
 B = Non-inter-level travel time spent in this place.
 C = Inter-level travel time spent in this place.
 D = Time resting spent in this place.
 E = Time spent auto-exploring this place.
 F = Levels seen in this place.
 G = Mean time per level.
                   A        B        C        D        E       F      G
               +--------+--------+--------+--------+--------+-----+--------+
         Total |   3859 |   3739 |    120 |    686 |   2400 |   4 |  964.8 |
       Dungeon |   3859 |   3739 |    120 |    686 |   2400 |   4 |  964.8 |
               +--------+--------+--------+--------+--------+-----+--------+

Top non-repeatable levels by time:
     D:3: 1434 daAuts
     D:2: 1224 daAuts
     D:1: 1088 daAuts
     D:4: 111 daAuts
